cohdb
Replays
Latest Replays
All Replays
Popular Replays
Top Player Replays
Match Explorer
How It Works
Community
CoH3 Stats
Reddit
Sign in to upload your games and track your stats! →
Sign in with Steam
Match 46113809
Unlisted
Match 46113809
Overview
Messages
Build Orders
End
Scout Squad
Construct Barracks
Selects Armored Battlegroup
Selects Veteran Crews
1⁄4-ton 4x4 Truck
Riflemen Squad
Riflemen Squad
Infantry Support Center
Riflemen Squad
Construct Motor Pool
Selects Fast Deploy
M8 Greyhound Armored Car
Construct Medical Station
Engineer Squad
M8 Greyhound Armored Car
Grenade Package
Selects M31 Recovery Vehicle
Selects War Machine
M24 Chaffee Light Tank
M24 Chaffee Light Tank
Engineer Squad
M1 Anti-tank Gun Team
Advanced Logistics
Construct Tank Depot
Selects Seek and Destroy
Selects UNKNOWN (2160077)
M4A3E8 Sherman Easy Eight
M4A3E8 Sherman Easy Eight
M4A3E8 Sherman Easy Eight
M1 Anti-tank Gun Team
oziligath
Deliri0us
0
0
Comments
sign in to comment!
No comments posted yet!